 Dungeon Crawl Stone Soup version 0.29.1-1-gd02db6906a (webtiles) character file.

Game seed: 262321635059221187

20696 Demigod47 the Bludgeoner (level 12, 0/106 HPs)
             Began as a Minotaur Fighter on Oct 13, 2022.
             Was a High Priest of Okawaru.
             Slain by Kirke (8 damage)
             ... on level 13 of the Dungeon.
             The game lasted 00:26:21 (16269 turns).

Demigod47 the Bludgeoner (Minotaur Fighter)        Turns: 16269, Time: 00:26:22

Health: 0/106      AC:  0    Str: 24    XL:     12   Next: 47%
Magic:  11/11      EV: 15    Int:  5    God:    Okawaru [*****.]
Gold:   745        SH:  0    Dex: 12    Spells: 11/11 levels left

rFire   . . .      SeeInvis .   (weapon currently unavailable)
rCold   . . .      Faith    .   (shield currently unavailable)
rNeg    . . .      Spirit   .   (body armour currently unavailable)
rPois   .          Reflect  .   (helmet currently unavailable)
rElec   .          Harm     .   (cloak currently unavailable)
rCorr   .          Rampage  .   (gloves currently unavailable)
Will    .....                   (boots currently unavailable)
Stlth   +.........              (no amulet)
HPRegen 0.27/turn               (ring currently unavailable)
MPRegen 0.12/turn               (ring currently unavailable)

@: confused, pig-form, slowed
A: fast, no casting, small, (horns 2), (retaliatory headbutt), (talons 1),
(iridescent scales 1)
a: Renounce Religion, Heroism, Finesse, Duel


You were on level 13 of the Dungeon.
You worshipped Okawaru.
Okawaru was extremely pleased with you.
You were a filthy swine.
You visited 2 branches of the dungeon, and saw 14 of its levels.

You collected 745 gold pieces.

Inventory:

Hand Weapons
 i - a +4 mace
 j - a +2 flail of holy wrath
 A - a +4 morningstar
 C - a +4 morningstar of freezing (melded)
Armour
 c - a +0 buckler (melded)
 w - a +2 plate armour (melded)
 z - a +0 pair of boots (melded)
 M - a +0 pair of gloves (melded)
Jewellery
 g - a ring of resist corrosion
 k - the ring of Katuga {rN+ Will+ Int+4}
   (You took it off a goblin on level 2 of the Dungeon)

   [ring of willpower]

   Int:       It affects your intelligence (+4).
   rN:        It protects you from negative energy.
   Will:      It increases your willpower.
 o - an amulet of magic regeneration
 p - a +6 ring of dexterity (melded)
 s - a +6 ring of strength (melded)
 y - a ring of protection from fire
 K - a ring of poison resistance
 L - a ring of magical power
 Q - a ring of ice
Wands
 h - a wand of flame (20)
 D - a wand of light (8)
 E - a wand of roots (7)
Scrolls
 b - a scroll of magic mapping
 e - 3 scrolls of immolation
 l - 2 scrolls of noise
 m - 5 scrolls of fog
 n - a scroll of teleportation
 r - a scroll of silence
 v - 2 scrolls of fear
 F - a scroll of brand weapon
 H - a scroll of blinking {unknown}
 I - a scroll of torment {unknown}
 N - a scroll of vulnerability {unknown}
 O - a scroll of enchant weapon {unknown}
 S - 2 scrolls of amnesia {unknown}
 T - a scroll of poison {unknown}
Potions
 a - a potion of flight
 d - 2 potions of might
 f - 3 potions of lignification
 q - 12 potions of degeneration
 u - a potion of mutation
 x - a potion of brilliance {unknown}
 B - 3 potions of curing
 J - a potion of magic {unknown}
 P - a potion of haste
 R - a potion of attraction {unknown}
Miscellaneous
 G - a phantom mirror


   Skills:
 + Level 9.7 Fighting
 * Level 17.3 Maces & Flails
 + Level 13.5 Armour
 + Level 3.3 Dodging
 + Level 8.2 Shields
 + Level 0.8 Invocations


You had 11 spell levels left.
You didn't know any spells.
Your spell library contained the following spells:

 Spells                   Type           Power      Damage    Failure   Level
 Foxfire                  Conj/Fire      0%         2x1d4     47%         1
 Magic Dart               Conj           0%         1d3       47%         1
 Ensorcelled Hibernation  Hex/Ice        0%         N/A       63%         2
 Passwall                 Tmut/Erth      0%         N/A       63%         2
 Sublimation of Blood     Necr           0%         N/A       63%         2
 Confusing Touch          Hex            0%         N/A       85%         3
 Conjure Flame            Conj/Fire      0%         6-21      85%         3
 Frozen Ramparts          Ice            0%         1d1       85%         3
 Inner Flame              Hex/Fire       0%         N/A       85%         3
 Mephitic Cloud           Conj/Pois/Air  0%         N/A       85%         3
 Ozocubu's Armour         Ice            0%         N/A       85%         3
 Swiftness                Air            0%         N/A       85%         3
 Cause Fear               Hex            0%         N/A       99%         4
 Flame Wave               Conj/Fire      0%         2d4       99%         4
 Ice Form                 Ice/Tmut       0%         N/A       99%         4
 Petrify                  Tmut/Erth      0%         N/A       99%         4
 Irradiate                Conj/Tmut      0%         3d11      100%        5
 Yara's Violent Unravell  Hex/Tmut       0%         3d3       100%        5
 Enfeeble                 Hex            0%         N/A       100%        7
 Ozocubu's Refrigeration  Ice            0%         4d7       100%        7
 Discord                  Hex            0%         N/A       100%        8
 Call Imp                 Summ           Unusable   N/A       N/A         2
 Summon Ice Beast         Ice/Summ       Unusable   N/A       N/A         4

Dungeon Overview and Level Annotations

Branches:
Dungeon (13/15)            Temple (1/1) D:7            Lair (0/5) D:8
    Orc (0/2) D:12
 Vaults: D:13-14

Altars:
Ashenzari
Cheibriados
Dithmenos
Elyvilon
Fedhas
Gozag
Hepliaklqana
Kikubaaqudgha
Nemelex Xobeh
Okawaru
Ru
Sif Muna
Trog
Uskayaw
Vehumet
Wu Jian
Xom
Yredelemnul
Zin

Shops:
D:3 *   D:7 =

Annotations:
D:12 3 runed translucent doors, decrepitue's ghost, journeyman OpFE
D:13 Kirke


Innate Abilities, Weirdness & Mutations

You are a filthy swine.
You move quickly.
Your equipment is almost entirely melded.
You are incapable of wielding weapons or throwing items.
You cannot cast spells.
((You have a pair of horns on your head.))
((You reflexively headbutt those who attack you in melee.))
((You have sharp toenails.))
((You are partially covered in iridescent scales. (AC +2)))


Message History

You block the acid dragon's attack. x2
The sphinx casts a spell.
You suddenly lose the ability to move!
The sphinx hits you but does no damage. x3; The acid dragon bites you.
The acid dragon claws you but does no damage.
Something hits you but does no damage.
The sphinx mumbles some strange words.
You feel yourself slow down.
The acid dragon bites you but does no damage.
The acid dragon claws you but does no damage.
You hear some strange, mumbled words.
You turn into a filthy swine.
Your +4 morningstar of freezing melds into your body.
Your +0 pair of gloves melds into your body.
Your +0 pair of boots melds into your body.
Your +0 buckler melds into your body.
Your +2 plate armour melds into your body.
Your +6 ring of dexterity melds into your body.
Your +6 ring of strength melds into your body.
Your +4 morningstar of freezing stops glowing.
You feel clumsy.
You feel weaker.
The sphinx mumbles some strange words.
You are confused.
You can move again.
You see here a hog corpse.
Unknown command.
The acid dragon attacks as you move away!
The acid dragon bites you! The acid dragon claws you. Something hits you!
The acid dragon spits acid at you. The splash of acid hits you!!
The sphinx casts a spell.
Something smites you! Something hits you!
* * * LOW HITPOINT WARNING * * *
The sphinx hits you!
* * * LOW HITPOINT WARNING * * *
The sphinx hits you!
* * * LOW HITPOINT WARNING * * *
The sphinx misses you. Something hits you!
You die...

........# #..#
#..........# ........#
#..# #...##.....#
........# #..#
#..<##.....# ...9....#
#..# #..........#
..@h.h..#
#..###.....<....#
h9...D..#
#...............#
#.#####.........^.##..#
#...D†...###......##...
#^.hhHh..# #......##...
#....9...# #......##...
#........# #......##...
#.....>..# #......##...
#........# #......##...
#........# #..##.......
#........# .....
#........# .##.. #..


You could see a sphinx (summoned), 2 hogs, an acid dragon (catching breath) and
a gargoyle.

Vanquished Creatures
  2 hydras
  Fannar (D:11)
  3 boulder beetles
  A two-headed ogre (D:9)
  A wolf spider (D:12)
  3 manticores (D:13)
  5 slime creatures
  Maurice (D:8)
  Maggie (D:9)
  A rime drake (shapeshifter) (D:13)
  2 komodo dragons
  5 unseen horrors
  3 trolls
  2 dream sheep (D:9)
  Sigmund (D:3)
  3 wraiths
  A shadow (D:12)
  2 wyverns
  22 yaks
  A hog (D:13)
  4 vampire mosquitoes (D:13)
  2 acid dragons
  3 water moccasins
  The ghost of OwlCat the Conjurer, an amateur DECj of Vehumet (D:4)
  A swamp drake (D:12)
  2 orc warriors
  3 ice beasts
  2 sky beasts
  An ogre (D:12)
  3 wolves (D:8)
  4 phantoms
  5 kobold brigands
  Blork the orc (D:4)
  5 bullfrogs
  A necrophage (D:8)
  2 scorpions (D:6)
  23 wights
  2 howler monkeys (D:13)
  2 electric eels
  3 quasits (D:4)
  A gnoll bouda (D:7)
  8 orc priests
  3 hounds
  3 iguanas
  2 jellies
  Ijyb (D:5)
  9 orc wizards
  5 gnolls
  3 adders
  4 shadow imps (D:4)
  6 white imps
  4 ufetubi
  3 worms
  3 dart slugs
  40 orcs
  9 endoplasms
  5 giant cockroaches
  7 goblins
  9 hobgoblins
  5 quokkas
  4 ball pythons
  2 bats
  5 frilled lizards
  10 kobolds
  7 rats
289 creatures vanquished.

Vanquished Creatures (others)
  2 demonic plants (D:4)
  A plant (D:13)
3 creatures vanquished.

Grand Total: 292 creatures vanquished

Notes
Turn   | Place    | Note
-------+----------+-------------------------------------------
     0 | D:1      | Demigod47 the Minotaur Fighter began the quest for the Orb.
     0 | D:1      | Reached XP level 1. HP: 19/19 MP: 0/0
    87 | D:1      | Reached XP level 2. HP: 27/27 MP: 1/1
   358 | D:1      | Reached skill level 3 in Maces & Flails
   537 | D:1      | Reached XP level 3. HP: 33/33 MP: 2/2
  1085 | D:2      | Identified the ring of Katuga {rN+ Will+ Int+4}
  1220 | D:2      | Found a faded altar of an unknown god.
  1916 | D:2      | Gained mutation: You expend magic power (3 MP) to
                  | strengthen your wands. [potion of mutation]
  1933 | D:3      | Reached XP level 4. HP: 40/40 MP: 3/3
  2090 | D:3      | Found Wesh's Assorted Antiques.
  2132 | D:3      | Noticed Sigmund
  2143 | D:3      | Killed Sigmund
  2144 | D:3      | Reached skill level 5 in Maces & Flails
  2144 | D:3      | Reached XP level 5. HP: 18/47 MP: 4/4
  2446 | D:3      | Found an opulent altar of Gozag.
  2492 | D:4      | Found a transporter.
  2597 | D:4      | Reached skill level 5 in Armour
  2597 | D:4      | Reached skill level 1 in Dodging
  2597 | D:4      | Reached XP level 6. HP: 11/53 MP: 5/5
  2611 | D:4      | Found a transporter.
  2611 | D:4      | Noticed OwlCat's ghost (amateur DECj)
  2887 | D:4      | Reached skill level 6 in Maces & Flails
  3357 | D:3      | Found a sacrificial altar of Ru.
  3407 | D:4      | Noticed Blork the orc
  3419 | D:4      | Killed Blork the orc
  3780 | D:4      | Reached skill level 7 in Maces & Flails
  3780 | D:4      | Reached XP level 7. HP: 55/60 MP: 6/6
  4223 | D:4      | Killed OwlCat's ghost
  4224 | D:4      | Reached skill level 8 in Maces & Flails
  4461 | D:5      | Entered Level 5 of the Dungeon
  4477 | D:4      | Reached skill level 5 in Fighting
  4703 | D:4      | Reached XP level 8. HP: 45/68 MP: 7/7
  4929 | D:5      | Reached skill level 5 in Shields
  4979 | D:5      | Noticed Ijyb
  4989 | D:5      | Killed Ijyb
  4996 | D:5      | Reached skill level 9 in Maces & Flails
  5131 | D:5      | Lost mutation: You expend magic power (3 MP) to strengthen
                  | your wands. [potion of mutation]
  5131 | D:5      | Gained mutation: You have sharp toenails. [potion of
                  | mutation]
  5131 | D:5      | Gained mutation: You are partially covered in iridescent
                  | scales. (AC +2) [potion of mutation]
  5915 | D:6      | Reached skill level 10 in Maces & Flails
  6384 | D:6      | Reached XP level 9. HP: 48/75 MP: 8/8
  7061 | D:7      | Reached skill level 11 in Maces & Flails
  7438 | D:7      | Found Aqoarege's Jewellery Shoppe.
  8277 | D:7      | Found a staircase to the Ecumenical Temple.
  8287 | Temple   | Entered the Ecumenical Temple
  8287 | Temple   | Noticed a hellwing
  8287 | Temple   | Noticed a tormentor
  8287 | Temple   | Noticed a shadow demon
  8287 | Temple   | Noticed an Ice Fiend
  8287 | Temple   | Noticed a sixfirhy
  8288 | Temple   | Noticed a hellwing
  8288 | Temple   | Noticed Gidir the pandemonium lord
  8288 | Temple   | Noticed Teafro the pandemonium lord
  8288 | Temple   | Noticed a hellwing
  8290 | Temple   | Noticed Wus Qoge the pandemonium lord
  8290 | Temple   | Noticed a green death
  8290 | Temple   | Noticed a green death
  8291 | Temple   | Noticed an ice devil
  8332 | Temple   | Noticed Dovyn the pandemonium lord
  8349 | Temple   | Noticed Puriff the pandemonium lord
  8367 | Temple   | Became a worshipper of Warmaster Okawaru
  8370 | Temple   | Noticed Vairch the pandemonium lord
  8479 | D:8      | Reached skill level 12 in Maces & Flails
  8621 | D:8      | Reached XP level 10. HP: 67/84 MP: 9/9
  8648 | D:8      | Reached * piety under Okawaru
  8739 | D:8      | Noticed Maurice
  8761 | D:8      | Killed Maurice
  8985 | D:8      | Reached skill level 13 in Maces & Flails
  9182 | D:8      | Found a staircase to the Lair.
  9600 | D:8      | Reached ** piety under Okawaru
  9601 | D:8      | Reached skill level 10 in Armour
  9611 | D:8      | Reached skill level 14 in Maces & Flails
 10111 | D:9      | Noticed Maggie
 10126 | D:9      | Killed Maggie
 10126 | D:9      | Reached *** piety under Okawaru
 10530 | D:9      | Reached XP level 11. HP: 92/92 MP: 10/10
 10539 | D:9      | Noticed a two-headed hydra
 10545 | D:9      | Killed a two-headed hydra
 10546 | D:9      | Reached skill level 15 in Maces & Flails
 10666 | D:9      | Noticed a two-headed ogre
 10667 | D:9      | Found an ornate altar of the Wu Jian Council.
 10679 | D:9      | Killed a two-headed ogre
 10679 | D:9      | Reached **** piety under Okawaru
 10761 | D:10     | Entered Level 10 of the Dungeon
 11501 | D:10     | Found a hide-covered altar of Uskayaw.
 12236 | D:11     | You fall into a shaft and drop 1 floor!
 12563 | D:11     | Noticed Fannar
 12563 | D:11     | Noticed a boulder beetle
 12593 | D:11     | Killed Fannar
 12594 | D:11     | Reached skill level 16 in Maces & Flails
 12603 | D:11     | Killed a boulder beetle
 12603 | D:11     | Reached ***** piety under Okawaru
 13692 | D:12     | Found a runed translucent gate.
 13692 | D:12     | Found a runed translucent gate.
 13692 | D:12     | Found a runed translucent gate.
 13692 | D:12     | Noticed a deep elf knight
 13692 | D:12     | Noticed a naga warrior
 13692 | D:12     | Noticed a tengu warrior
 13693 | D:12     | Noticed a tengu warrior
 13694 | D:12     | Noticed decrepitue's ghost (journeyman OpFE)
 13897 | D:12     | Found a staircase to the Orcish Mines.
 13973 | D:12     | Noticed a boulder beetle
 14008 | D:12     | Received a gift from Okawaru
 14055 | D:12     | Killed a boulder beetle
 14059 | D:12     | Received a gift from Okawaru
 14404 | D:12     | Reached XP level 12. HP: 60/103 MP: 11/11
 14661 | D:12     | Noticed an eight-headed hydra
 14669 | D:12     | Killed an eight-headed hydra
 15167 | D:12     | Found an iron altar of Okawaru.
 15330 | D:13     | Noticed a boulder beetle
 15395 | D:13     | Killed a boulder beetle
 15396 | D:13     | Reached skill level 17 in Maces & Flails
 15696 | D:13     | Received a gift from Okawaru
 16252 | D:13     | Noticed Kirke
 16263 | D:13     | Noticed a sphinx
 16265 | D:13     | Paralysed by a sphinx for 3 turns
 16269 | D:13     | Slain by Kirke

Illustrated notes

Levels and vault maps discovered:
D:1:      enne_arrival_octagon_isle, layout_basic,
          corexii_item_surrounded_by_moat, grunt_decor_resistance
D:2:      layout_basic, hellmonk_ecumenical_altar_defaced_shrine
D:3:      layout_basic, mainiacjoe_overflow_six_doors_small,
          grunt_gozag_breadcrumbs, serial_shops, shop, uniq_sigmund
D:4:      layout_cave_pools, serial_demonic, serial_demonic_b, serial_demonic_g,
          serial_demonic_b, serial_demonic_d, serial_demonic_c,
          serial_demonic_b, serial_demonic_d, serial_demonic_g,
          gammafunk_ghost_arena, uniq_blork_the_orc
D:5:      layout_cave_pools, uniq_ijyb
D:6:      wander_river, layout_rooms
D:7:      layout_loops_corners, minmay_temple_entry_poolview, serial_shops,
          nicolae_take_the_stairs
D:8:      layout_loops_cross, erik_lair_island, minivault_19, uniq_maurice
D:9:      layout_roguey, overflow_temple_1_default, hangedman_ranch, uniq_maggie
D:10:     layout_basic, nicolae_uskayaw_dance_studio
D:11:     layout_basic, uniq_fannar
D:12:     layout_roguey, erik_orc_1, gammafunk_ghost_fury_of_okawaru
D:13:     layout_long_grid, serial_bayou, serial_bayou_shore_b,
          serial_bayou_pond_d, serial_bayou_crossing, serial_bayou_shore_b,
          uniq_kirke
Temple:   nicolae_temple_panitentiary

Skill      XL: |  1  2  3  4  5  6  7  8  9 10 11 12 |
---------------+-------------------------------------+-----
Armour         | 4 5 6 7 9 10 12 13 | 13.5
Shields        | 4 5 6 7 8 |  8.2
Maces & Flails | 3 5 7 8 10 12 14 16 17 | 17.3
Fighting       | 4 5 6 7 8 9 |  9.7
Dodging        | 1 2 3 |  3.3
Invocations    | |  0.8

Action                   |  1- 3 |  4- 6 |  7- 9 | 10-12 || total
-------------------------+-------+-------+-------+-------++-------
Melee: Flail             |    64 |       |       |       ||    64
       Headbutt          |     6 |    14 |    49 |   100 ||   169
       Mace              |    13 |    88 |   207 |       ||   308
       Kick              |       |       |    17 |       ||    17
       Morningstar       |       |       |    53 |   421 ||   474
Invok: Heroism           |       |       |       |     1 ||     1
       Finesse           |       |       |       |     1 ||     1
  Use: Potion            |     3 |       |     3 |     8 ||    14
       Scroll            |       |     1 |     7 |     7 ||    15
Armor: Scale mail        |    34 |    39 |    69 |       ||   142
       Plate armour      |       |       |    52 |   315 ||   367
Dodge: Dodged            |    30 |    45 |   130 |   123 ||   328
Block: Buckler           |    17 |    17 |    82 |    97 ||   213
